 Dungeon Crawl Stone Soup version 0.24-a0-365-ga4d96b6e6e (webtiles) character file.

Game seed: 6503205593487472879

347 vurker the Chopper (level 6, -5/56 HPs)
             Began as a Hill Orc Fighter on May 27, 2019.
             Killed by divine providence
             ... invoked by an orc priest
              (13 damage)
             ... on level 4 of the Dungeon.
             The game lasted 00:07:20 (2838 turns).

vurker the Chopper (Hill Orc Fighter)               Turns: 2838, Time: 00:07:21

Health: -5/56      AC: 13    Str: 21    XL:     6   Next: 59%
Magic:  6/6        EV:  5    Int:  8    God:
Gold:   153        SH:  9    Dex: 10    Spells: 5/5 levels left

rFire    . . .     SeeInvis .   a - +0 war axe
rCold    . . .     Gourm    .   c - +0 shield
rNeg     . . .     Faith    .   r - +0 chain mail
rPois    .         Spirit   .   f - +0 helmet
rElec    .         Reflect  .   (no cloak)
rCorr    .         Harm     .   q - +0 pair of gloves
MR       .....                  n - +0 pair of boots
Stlth    ..........             (no amulet)
HPRegen  0.18/turn              (no ring)
MPRegen  0.10/turn              (no ring)

@: no status effects
A: no striking features
a: Convert to Beogh


You were on level 4 of the Dungeon.
You were very hungry.

You visited 1 branch of the dungeon, and saw 4 of its levels.

You collected 153 gold pieces.

Inventory:

Hand Weapons
 a - a +0 war axe (weapon)
 j - a +2 hand axe of flaming
   (You took it off a kobold on level 1 of the Dungeon)
Armour
 c - a +0 shield (worn)
 f - a +0 helmet (worn)
   (You took it off Robin on level 2 of the Dungeon)
 n - a +0 pair of boots (worn)
   (You found it on level 2 of the Dungeon)
 q - a +0 pair of gloves (worn)
   (You found it on level 2 of the Dungeon)
 r - a +0 chain mail (worn)
   (You found it on level 2 of the Dungeon)
Jewellery
 h - the amulet "Niyruo" {Inacc Str+4 Dex+5, unknown}
   (You found it on level 4 of the Dungeon)

   [amulet of inaccuracy]

   It reduces the accuracy of all your attacks.
   It affects your strength (+4).
   It affects your dexterity (+5).
Scrolls
 i - a scroll of immolation {unknown}
 k - 2 scrolls of remove curse {@r2}
 l - a scroll of enchant weapon {unknown}
 m - a scroll of identify {@r1}
 t - a scroll of noise {unknown}
 u - a scroll of blinking {unknown}
Potions
 b - a potion of degeneration {unknown}
 d - a potion of might
 g - 2 potions of invisibility
 o - 2 potions of curing {@q1}
 s - a potion of lignification {unknown}
 v - a potion of haste {@q3}
Comestibles
 e - 2 rations {!d}


   Skills:
 + Level 5.2 Fighting
 * Level 6.6 Axes
 + Level 4.8 Armour
 - Level 3.2 Shields


You had 5 spell levels left.
You didn't know any spells.
Your spell library was empty.

Dungeon Overview and Level Annotations

Branches:
Dungeon (4/15)             Temple (0/1) D:4

Altars:
Gozag
Nemelex Xobeh


Message History

The orc wizard mumbles some strange words.
The orc wizard flickers and vanishes!
Deactivating autopickup; reactivate with Ctrl-A.
The adder bites you but does no damage.
You feel sick. The adder barely misses you.
Found 14 gold pieces.
You feel sick. The adder bites you but does no damage.
You feel sick. You block the adder's attack.
You completely miss the adder. The adder bites you but does no damage.
You closely miss the adder. You block the adder's attack.
The adder bites you but does no damage.
Your shield and chain mail prevent you from hitting the adder.
You feel sick.
You are no longer poisoned.
The adder bites you but does no damage. x2
You hit the adder.
The adder bites you but does no damage. x2
The orc priest invokes the aid of Beogh against you.
Beogh smites you!
Your shield and chain mail prevent you from hitting the adder.
The adder barely misses you.
An orc priest comes into view. It is wielding a +0 mace.
You closely miss the adder. You miss something. The adder barely misses you.
An orc wizard comes into view. It is wielding a +0 dagger.
Something hits you but does no damage. The adder bites you but does no damage.
The orc priest mumbles some strange prayers to Beogh against you.
Beogh smites you!
* * * LOW HITPOINT WARNING * * *
You hear some strange, mumbled words.
A puff of flame appears from out of thin air!
The puff of flame hits you!
* * * LOW HITPOINT WARNING * * *
You block the adder's attack.
An orc and an orc wizard come into view.
The orc is wielding a +0 dagger of draining.
The orc wizard shouts!
The orc shouts!
An orc comes into view. It is wielding a +0 dagger.
An orc comes into view.
It is wielding a +1 hand axe of freezing.
You block the adder's attack.
The orc wizard gestures at you while chanting.
The puff of frost hits you.
* * * LOW HITPOINT WARNING * * *
A magic dart appears from out of thin air!
The magic dart hits you but does no damage.
The orc priest invokes the aid of Beogh against you.
Beogh smites you!
You die...

#...#.# ........# .........###
#...oo.....### #............##
.........o.......#.#
............o.......#
.............@<......
#....####..S........
#...#.#...........#
####......o......#### .
..........o.....### ### ..
...##..o........#.######.###
..###..#.....###......#..##....#
.$.#..###o..##.##..............##
...#..#....##...##....#.........#


You could see 2 orc priests, an orc wizard, an adder and 5 orcs.

Vanquished Creatures
  Grinder (D:4)
  A worker ant (D:4)
  Robin (D:2)
  3 adders
  An adder skeleton (D:4)
  An adder zombie (D:2)
  A worm (D:3)
  2 dart slugs (D:3)
  A leopard gecko (D:1)
  An orc (D:3)
  2 ball pythons
  5 giant cockroaches
  14 goblins
  10 hobgoblins
  11 jackals
  A quokka (D:3)
  7 bats
  3 frilled lizards (D:1)
  8 kobolds
  6 rats
80 creatures vanquished.

Notes
Turn   | Place    | Note
-------+----------+-------------------------------------------
     0 | D:1      | vurker the Hill Orc Fighter began the quest for the Orb.
     0 | D:1      | Reached XP level 1. HP: 19/19 MP: 1/1
    34 | D:1      | Reached skill level 3 in Axes
    38 | D:1      | Reached XP level 2. HP: 24/27 MP: 2/2
   273 | D:1      | Reached XP level 3. HP: 33/33 MP: 3/3
   439 | D:2      | Reached skill level 4 in Axes
   534 | D:2      | You fall into a shaft and drop 1 floor!
   688 | D:2      | Noticed Robin
   994 | D:2      | Killed Robin
   994 | D:2      | Reached XP level 4. HP: 25/40 MP: 4/4
  1455 | D:2      | Reached skill level 5 in Axes
  1896 | D:3      | Reached XP level 5. HP: 43/47 MP: 5/5
  2349 | D:3      | Found an opulent altar of Gozag.
  2591 | D:4      | Noticed Grinder
  2609 | D:4      | Paralysed by Grinder for 5 turns
  2619 | D:4      | Paralysed by Grinder for 2 turns
  2637 | D:4      | Paralysed by Grinder for 4 turns
  2641 | D:4      | Killed Grinder
  2641 | D:4      | Reached skill level 5 in Fighting
  2641 | D:4      | Reached skill level 6 in Axes
  2641 | D:4      | Reached XP level 6. HP: 35/56 MP: 6/6
  2766 | D:4      | Found a sparkling altar of Nemelex Xobeh.
  2787 | D:4      | Got a bound crystal amulet
  2788 | D:4      | Found a staircase to the Ecumenical Temple.
  2838 | D:4      | Killed from afar by an orc priest

Levels and vault maps discovered:
D:1:      minmay_arrival_cross, layout_rooms
D:2:      layout_loops_corners, uniq_robin
D:3:      layout_loops_ring, nicolae_gozag_cash_rules_everything_around_me
D:4:      layout_cave_pools, temple_pool_b, nemelex_spade_bored_becter,
          uniq_grinder

Skill      XL: |  1  2  3  4  5 |
---------------+----------------+-----
Axes           | 3 4 5 6 |  6.6
Fighting       | 4 5 |  5.2
Armour         | 4 |  4.8
Shields        | |  3.2

Action                   |  1- 3 |  4- 6 || total
-------------------------+-------+-------++-------
Melee: War axe           |   127 |   138 ||   265
  Use: Scroll            |       |     6 ||     6
       Potion            |       |     1 ||     1
  Eat: Ration            |     1 |       ||     1
       Chunk             |       |     2 ||     2
Armor: Scale mail        |    84 |    24 ||   108
       Chain mail        |       |    49 ||    49
Dodge: Dodged            |    53 |    35 ||    88
Block: Shield            |    86 |    77 ||   163

Table legend:
 A = Non-vault XP
 B = Vault XP
 C = Vault XP percentage of total XP
 D = Non-vault monster count
 E = Vault monster count
 F = Vault count percentage of total count
                 A         B        C        D         E       F
            +---------+---------+-------+---------+---------+-------
      Total |     197 |     299 |  60.3 |      67 |      13 |  16.2
            +---------+---------+-------+---------+---------+-------
        D:1 |      43 |       0 |   0.0 |      26 |       0 |   0.0
        D:2 |      64 |      31 |  32.6 |      21 |       9 |  30.0
        D:3 |      51 |       6 |  10.5 |      18 |       3 |  14.3
        D:4 |      39 |     262 |  87.0 |       2 |       1 |  33.3
            +---------+---------+-------+---------+---------+-------
